 Dungeon Crawl Stone Soup version 0.21-a0-518-g43a1781 (webtiles) character file.

102 BingusPrime the Chucker (level 4, 0/45 HPs)
             Began as an Ogre Hunter on Dec 4, 2017.
             Was an Initiate of Okawaru.
             Slain by an orc
             ... wielding a +0 short sword
              (2 damage)
             ... on level 2 of the Dungeon.
             The game lasted 00:06:10 (2482 turns).

BingusPrime the Chucker (Ogre Hunter)               Turns: 2482, Time: 00:06:11

Health: 0/45       AC:  3    Str: 16    XL:     4   Next: 77%
Magic:  4/4        EV: 10    Int: 12    God:    Okawaru [......]
Gold:   110        SH:  0    Dex: 10    Spells: 3/3 levels left

rFire    . . .     SeeInvis .   w - +0 mace
rCold    . . .     Gourm    .   (no shield)
rNeg     . . .     Faith    .   b - +0 robe
rPois    +         Spirit   .   (helmet restricted)
rElec    .         Reflect  .   (no cloak)
rCorr    .         Harm     .   (gloves unavailable)
MR       .....                  (boots unavailable)
Stlth    +.........             (no amulet)
HPRegen  0.15/turn              p - ring of poison resistance
MPRegen  0.09/turn              (no ring)

@: no status effects
A: large, unfitting armour, tough skin 1
a: Renounce Religion


You were on level 2 of the Dungeon.
You worshipped Okawaru.
Okawaru was noncommittal.
You were hungry.

You visited 1 branch of the dungeon, and saw 3 of its levels.

You collected 110 gold pieces.

Inventory:

Hand Weapons
 a - a +0 short sword
 g - a +0 hand axe
 l - a +0 club
 w - a +0 mace (weapon)
Missiles
 c - 3 large rocks (quivered)
 d - 2 throwing nets
 m - 40 arrows
 t - 69 stones
Armour
 b - a +0 robe (worn)
Jewellery
 p - a ring of poison resistance (left hand)
Scrolls
 h - a scroll of noise {unknown}
 j - 2 scrolls of identify {unknown}
 k - a scroll of teleportation {unknown}
 n - a scroll of remove curse {unknown}
 o - a scroll of fog {unknown}
 s - a scroll of blinking {unknown}
 u - a scroll of enchant weapon {unknown}
Potions
 e - 2 potions of flight
 q - a potion of degeneration {unknown}
Comestibles
 f - a bread ration
 r - 3 meat rations
 v - a fruit


   Skills:
 + Level 3.1 Fighting
 + Level 1.3 Short Blades
 + Level 0.1 Axes
 + Level 5.0 Throwing
 + Level 2.4 Dodging
 + Level 1.0 Stealth


You had 3 spell levels left.
You didn't know any spells.

Dungeon Overview and Level Annotations

Branches:
Dungeon (3/15)

Altars:
Okawaru

Annotations:
D:3 Jessica


Innate Abilities, Weirdness & Mutations

You are too large for most types of armour.
You have tough skin. (AC +1)


Message History

* * * LOW HITPOINT WARNING * * *
The orc hits you with a short sword.
* * * LOW HITPOINT WARNING * * *
You sock the orc!
You kill the orc!
Okawaru accepts your kill. The orc hits you but does no damage.
You barely miss the orc.
The orc is heavily wounded.
The orc hits you but does no damage. The orc hits you with a short sword.
* * * LOW HITPOINT WARNING * * *
You hit the orc but do no damage.
The orc is heavily wounded.
The orc hits you with a short sword.
* * * LOW HITPOINT WARNING * * *
Okay, then.
You hit the orc but do no damage.
The orc is heavily wounded.
The orc hits you with a short sword.
You die...

#......#.#.#######
#......
#######)####.#.#
#......
#..........#.#.#
######......
#..........#.#.#
#...........
#..........#...#
#...........
#..........##..#
#...........
#########'#####..#
#......###..
........#.######o#
#......# #..
#######.#(.....)@#
#......# #..
.....##.##########
#......# #..
..##.##....#
#......# #..
..##.##....#
#......# ###
..##.##....#
######## #
..##.##....# #
####†##.#### #
#.##.# # #.##.# #


You could see an orc.

Vanquished Creatures
  An orc priest (D:2)
  3 adders (D:2)
  A worm (D:2)
  A dart slug (D:2)
  2 orcs
  3 giant cockroaches
  2 goblins
  8 hobgoblins
  3 jackals (D:1)
  3 bats (D:1)
  2 frilled lizards
  3 kobolds (D:2)
  6 rats
38 creatures vanquished.

Vanquished Creatures (others)
  4 toadstools (D:1)
4 creatures vanquished.

Grand Total: 42 creatures vanquished

Notes
Turn   | Place    | Note
-------+----------+-------------------------------------------
     0 | D:1      | BingusPrime the Ogre Hunter began the quest for the Orb.
     0 | D:1      | Reached XP level 1. HP: 22/22 MP: 1/1
   382 | D:1      | Reached XP level 2. HP: 10/29 MP: 2/2
  1394 | D:2      | Reached XP level 3. HP: 32/36 MP: 3/3
  1568 | D:2      | Reached skill level 1 in Short Blades
  2000 | D:2      | Reached XP level 4. HP: 29/45 MP: 4/4
  2022 | D:2      | Found an iron altar of Okawaru.
  2267 | D:2      | Reached skill level 1 in Stealth
  2358 | D:2      | Became a worshipper of Warmaster Okawaru
  2471 | D:3      | Noticed Jessica
  2476 | D:2      | Reached skill level 5 in Throwing
  2480 | D:2      | HP: 2/45 [orc/short sword (4)]
  2482 | D:2      | Slain by an orc

Vault maps used:
D:1:      ldierk_walled_garden_2
D:2:      okawaru_ov_weapons_minmay, minmay_misc_feat_five
D:3:      uniq_jessica

Skill      XL: |  1  2  3  4 |
---------------+-------------+-----
Short Blades   | 1 |  1.3
Dodging        | 2 |  2.4
Fighting       | 3 |  3.1
Stealth        | 1 |  1.0
Throwing       | 5 |  5.0
Axes           | |  0.1

Action                   |  1- 3 |  4- 6 || total
-------------------------+-------+-------++-------
Melee: Short sword       |    87 |       ||    87
       Hand axe          |    10 |    11 ||    21
       Mace              |       |    12 ||    12
Throw: Large rock        |     3 |     3 ||     6
       Stone             |    18 |       ||    18
       Tomahawk          |     5 |    10 ||    15
  Use: Potion            |     3 |       ||     3
 Stab: Sleeping          |     1 |       ||     1
  Eat: Chunk             |     3 |     1 ||     4
Armor: Robe              |    32 |    10 ||    42
Dodge: Dodged            |    64 |    19 ||    83

Table legend:
 A = Spawn XP
 B = Non-spawn XP
 C = Spawn XP percentage of total XP
 D = Spawn monster count
 E = Non-spawn monster count
 F = Spawn count percentage of total count
 G = Total turns spent on level
                    A         B        C        D         E        F      G
               +---------+---------+-------+---------+---------+-------+---------
         Total |       0 |     146 |   0.0 |       0 |      38 |   0.0 |  2482
               +---------+---------+-------+---------+---------+-------+---------
           D:1 |       0 |      29 |   0.0 |       0 |      17 |   0.0 |  1214
           D:2 |       0 |     114 |   0.0 |       0 |      20 |   0.0 |  1258
           D:3 |       0 |       3 |   0.0 |       0 |       1 |   0.0 |    10
               +---------+---------+-------+---------+---------+-------+---------
